 Dungeon Crawl Stone Soup version 0.26.1-11-gd32895ea62 (webtiles) character file.

Game seed: 3678389465701015694

128 Bergy the Cudgeller (level 5, 0/32 HPs)
             Began as a Gargoyle Fighter on July 14, 2021.
             Slain by a gnoll
             ... wielding a +0 halberd
              (3 damage)
             ... on level 3 of the Dungeon.
             The game lasted 00:05:05 (1834 turns).

Bergy the Cudgeller (Gargoyle Fighter)              Turns: 1834, Time: 00:05:07

Health: 0/32       AC: 13    Str: 20    XL:     5   Next: 12%
Magic:  5/5        EV:  7    Int:  9    God:
Gold:   38         SH:  9    Dex:  9    Spells: 4/4 levels left

rFire    . . .     SeeInvis .   a - +0 flail
rCold    . . .     Faith    .   c - +0 kite shield
rNeg     + . .     Spirit   .   b - +0 scale mail
rPois    ∞         Reflect  .   (no helmet)
rElec    +         Harm     .   l - +1 cloak
rCorr    .         Rampage  .   (no gloves)
Will     .....                  (no boots)
Stlth    ..........             (no amulet)
HPRegen  0.10/turn              (no ring)
MPRegen  0.09/turn              (no ring)

@: no status effects
A: negative energy resistance 1, electricity resistance, unbreathing,
petrification resistance, miasma immunity, AC +4
a: no special abilities


You were on level 3 of the Dungeon.
You visited 1 branch of the dungeon, and saw 3 of its levels.

You collected 38 gold pieces.

Inventory:

Hand Weapons
 a - a +0 flail (weapon)
Armour
 b - a +0 scale mail (worn)
 c - a +0 kite shield (worn)
 l - a +1 cloak (worn)
Scrolls
 f - 8 scrolls of remove curse {unknown}
 g - 2 scrolls of amnesia {unknown}
 h - 4 scrolls of identify {unknown}
 i - a scroll of teleportation {unknown}
 j - a scroll of magic mapping {unknown}
 k - a scroll of immolation {unknown}
Potions
 d - a potion of might
 e - a potion of heal wounds {unknown}


   Skills:
 - Level 3.2 Fighting
 * Level 5.1 Maces & Flails
 - Level 3.2 Armour
 - Level 3.2 Shields


You had 4 spell levels left.
You didn't know any spells.
Your spell library was empty.

Dungeon Overview and Level Annotations

Branches:
Dungeon (3/15)

Altars:


Innate Abilities, Weirdness & Mutations

You are resistant to torment.
Your stone body is resilient. (AC +4)
You are immune to poison.
You resist negative energy. (rN+)
You are resistant to electric shocks. (rElec)
You can survive without breathing.
You are immune to petrification.
You are immune to miasma.


Message History

You hit the gnoll but do no damage. You block the adder's attack.
You block the gnoll's attack. The gnoll hits you with a +0 flail.
The adder barely misses you. The gnoll hits you but does no damage.
You hit the gnoll but do no damage. The adder closely misses you.
The gnoll hits you but does no damage. x2
The gnoll hits you from afar with a +0 halberd.
The adder bites you but does no damage.
You barely miss the gnoll. The gnoll closely misses you.
You block the adder's attack. The gnoll barely misses you.
The gnoll hits you from afar with a +0 halberd!
* * * LOW HITPOINT WARNING * * *
The gnoll hits you but does no damage. The ooze barely misses you.
You hit the gnoll.
The gnoll is lightly wounded.
You block the adder's attack. The gnoll hits you with a +0 flail.
* * * LOW HITPOINT WARNING * * *
The adder bites you but does no damage. The gnoll hits you but does no damage.
The ooze completely misses you.
The gnoll hits you from afar with a +0 halberd.
You die...

... ....... .. .......
.. ....... #. .......
#. .(..... #.#.......
#.JS...... #@###...#
....#.# ##g#...#
....... ##gg..#
##....... #...###
##.......## #####.#.##
#.g#.......
.........####.# .......
..........g...##.......
......†...o........(...
.........###.#...?.....


You could see 3 gnolls, an ooze and an adder.

Vanquished Creatures
  Crazy Yiuf (D:2)
  A gnoll (D:3)
  2 adders (D:2)
  An ooze (D:2)
  2 dart slugs
  4 leopard geckos
  An orc (D:3)
  6 bats
  3 giant cockroaches
  7 hobgoblins
  4 jackals (D:2)
  2 quokkas (D:2)
  2 ball pythons (D:1)
  6 frilled lizards
  4 goblins
  6 kobolds
  7 rats
59 creatures vanquished.

Notes
Turn   | Place    | Note
-------+----------+-------------------------------------------
     0 | D:1      | Bergy the Gargoyle Fighter began the quest for the Orb.
     0 | D:1      | Reached XP level 1. HP: 14/14 MP: 1/1
   405 | D:1      | Reached XP level 2. HP: 19/19 MP: 2/2
   483 | D:1      | Reached skill level 3 in Maces & Flails
   661 | D:1      | Reached XP level 3. HP: 21/23 MP: 3/3
  1093 | D:2      | Reached skill level 4 in Maces & Flails
  1187 | D:2      | Reached XP level 4. HP: 26/28 MP: 4/4
  1687 | D:2      | Found a runed translucent door.
  1688 | D:2      | Noticed Crazy Yiuf
  1694 | D:2      | Killed Crazy Yiuf
  1695 | D:2      | Reached skill level 5 in Maces & Flails
  1821 | D:3      | Reached XP level 5. HP: 32/32 MP: 5/5
  1834 | D:3      | Slain by a gnoll

Illustrated notes

Levels and vault maps discovered:
D:1:      scummos_arrival_gate, layout_basic
D:2:      layout_loops_cross, minmay_misc_feat_x, uniq_crazy_yiuf_cottage
D:3:      layout_rooms

Skill      XL: |  1  2  3  4 |
---------------+-------------+-----
Maces & Flails | 3 4 5 |  5.1
Fighting       | |  3.2
Armour         | |  3.2
Shields        | |  3.2

Action                   |  1- 3 |  4- 6 || total
-------------------------+-------+-------++-------
Melee: Flail             |   129 |    79 ||   208
Armor: Scale mail        |    79 |    52 ||   131
Dodge: Dodged            |    40 |    26 ||    66
Block: Kite shield       |    70 |    51 ||   121
